 Dungeon Crawl Stone Soup version 0.31-a0-1165-g196b491b36 (webtiles) character file.

Game seed: 9846613183285688331

37 CowFu the Gusty (level 3, 0/28 HPs)
             Began as a Tengu Air Elementalist on Dec 9, 2023.
             Slain by a hobgoblin (1 damage)
             ... led by Robin
             ... on level 1 of the Dungeon.
             The game lasted 00:01:19 (1094 turns).

CowFu the Gusty (Tengu Air Elementalist)            Turns: 1094, Time: 00:01:19

Health: 0/28       AC:  2    Str:  8    XL:     3   Next: 41%
Magic:  7/7        EV: 12    Int: 17    God:
Gold:   15         SH:  0    Dex: 14    Spells: 5/6 levels left

rFire   . . .        c - +2 spear (vamp)
rCold   . . .        k - orb {*Rage}
rNeg    . . .        a - +0 robe
rPois   .            (helmet restricted)
rElec   .            (no cloak)
rCorr   .            (no gloves)
SInv    .            (boots unavailable)
Will    .....        (no amulet) Stlth
                     (no ring)
HPRegen 0.24/turn    (no ring)
MPRegen 0.10/turn

%: random rage (20%), acrobat
@: berserking, very quick
A: beak, talons 3, acrobatic
a: no special abilities


You were on level 1 of the Dungeon.
You visited 1 branch of the dungeon, and saw 2 of its levels.

You collected 15 gold pieces.

Inventory:

Hand Weapons
 c - a +2 vampiric spear (weapon)
Armour
 a - a +0 robe (worn)
 k - an orb of wrath (worn)
Jewellery
 h - an amulet of regeneration
Scrolls
 d - a scroll of fear {unknown}
 e - a scroll of torment {unknown}
 f - a scroll of vulnerability {unknown}
 i - 2 scrolls of enchant weapon {unknown}
 j - a scroll of amnesia {unknown}
Potions
 b - a potion of magic
 g - 2 potions of brilliance {unknown}


   Skills:
 - Level 2.1 Dodging
 - Level 2.0 Stealth
 - Level 2.0 Spellcasting
 - Level 3.0 Conjurations
 + Level 5.1 Air Magic


You had 5 spell levels left.
You knew the following spells:

 Your Spells              Type           Power      Damage    Failure   Level
a - Shock                 Conj/Air       60%        1d6       3%          1

Your spell library contained the following spells:

 Spells                   Type           Power      Damage    Failure   Level
 Static Discharge         Conj/Air       30%        3-5/arc   5%          2
 Swiftness                Air            19%        N/A       7%          3
 Airstrike                Air            9%         2d(2-18)  24%         4
 Inner Flame              Hex/Fire       1%         N/A       50%         3
 Summon Lightning Spire   Summ/Air       10%        N/A       56%         4
 Flame Wave               Conj/Fire      6%         2d5       71%         4
 Sticky Flame             Conj/Fire      6%         2d3       71%         4


Dungeon Overview and Level Annotations

Branches:
Dungeon (2/15)

Altars:
Vehumet

Annotations:
D:2 Robin


Innate Abilities, Weirdness & Mutations

You have a beak for a mouth.
You have claws for feet.
You can magically evade attacks while moving or waiting.


Message History

There is a stone staircase leading down, spattered with blood here.
You feel sick.
You feel sick.
You are no longer poisoned.
There is a stone staircase leading down, spattered with blood here.
You feel yourself speed up.
You recover from your berserk rage.
HP restored.
Done exploring.
You climb downwards.
Level annotation: Robin The goblin hits you with a +0 dagger.
The goblin barely misses you. The hobgoblin hits you. The goblin misses you.
Robin roars a battlecry!
The goblins go into a battle-frenzy!
The goblin hits you with a +0 club.
There is a stone staircase leading up here.
The goblin closely misses you. The hobgoblin completely misses you.
The goblin hits you with a +0 dagger. The goblin hits you with a +0 club.
* * * LOW HITPOINT WARNING * * *
You climb upwards.
There is a stone staircase leading down, spattered with blood here.
You are too injured to fight recklessly!
You are too injured to fight recklessly!
You hit the goblin.
The goblin is severely wounded.
The goblin hits you with a +0 dagger.
* * * LOW HITPOINT WARNING * * *
The goblin closely misses you.
A red film seems to cover your vision as you go berserk!
You feel yourself moving faster!
You feel mighty!
You puncture the goblin!
You feel better.
You kill the goblin!
The goblin misses you.
You barely miss the hobgoblin. The hobgoblin hits you.
* * * LOW HITPOINT WARNING * * *
The goblin hits you with a +0 dagger.
* * * LOW HITPOINT WARNING * * *
You closely miss the hobgoblin. The hobgoblin hits you.
You die...

#.###.#.#..#...#.#.##..####.#
#.....#................# #..
#######....###.#.......# #..
#<>........####### ##..
###....#......# #...
####g######.# ##.. #g#
###.### ###. #g# #.....# #...
#@# #.....# #.## #g# #.....#
#.## #.# #.....# #)## ###.#
#.....# #.## ##...## #######
#.## #.....# #... #.....#
###### #.....# ##...##
##...###### #.....#


You could see a hobgoblin and 3 goblins.

Vanquished Creatures
  An adder (D:1)
  A ball python (D:1)
  2 endoplasms (D:1)
  A giant cockroach (D:1)
  3 hobgoblins (D:1)
  3 jackals (D:1)
  2 kobolds (D:1)
  A quokka (D:1)
  3 bats (D:1)
  2 frilled lizards (D:1)
  4 goblins (D:1)
  3 rats (D:1)
26 creatures vanquished.

Notes
Turn   | Place    | Note
-------+----------+-------------------------------------------
     0 | D:1      | CowFu the Tengu Air Elementalist began the quest for the
                  | Orb.
     0 | D:1      | Reached XP level 1. HP: 10/10 MP: 4/4
   219 | D:1      | Reached XP level 2. HP: 15/15 MP: 0/6
   758 | D:1      | Reached XP level 3. HP: 19/19 MP: 5/7
  1005 | D:2      | Noticed Robin
  1005 | D:2      | Found a radiant altar of Vehumet.
  1022 | D:1      | Reached skill level 5 in Air Magic
  1093 | D:1      | HP: 1/28 [goblin/+0 dagger[Robin] (1)]
  1094 | D:1      | Slain by a hobgoblin

Illustrated notes

Levels and vault maps discovered:
D:1:      dpeg_arrival_tiny_a, layout_loops_cross
D:2:      layout_basic, basic_altar, uniq_robin

Skill      XL: |  1  2  3 |
---------------+----------+-----
Conjurations   | 2 3 |  3.0
Air Magic      | 5 |  5.1
Dodging        | |  2.1
Stealth        | |  2.0
Spellcasting   | |  2.0

Action                     || total
---------------------------++-------
  Melee: Unarmed           ||     2
         Kick              ||     4
         Spear             ||    29
         Peck              ||     1
   Cast: Shock             ||    35
   Stab: Sleeping          ||     1
 Armour: Robe              ||    29
  Dodge: Dodged            ||    28

Table legend: (Time is in decaauts)
 A = Elapsed time spent in this place.
 B = Non-inter-level travel time spent in this place.
 C = Inter-level travel time spent in this place.
 D = Time resting spent in this place.
 E = Time spent auto-exploring this place.
 F = Levels seen in this place.
 G = Mean time per level.
                   A        B        C        D        E       F      G
               +--------+--------+--------+--------+--------+-----+--------+
         Total |   1104 |    991 |    113 |      0 |    803 |   2 |  552.0 |
       Dungeon |   1104 |    991 |    113 |      0 |    803 |   2 |  552.0 |
               +--------+--------+--------+--------+--------+-----+--------+

Top non-repeatable levels by time:
     D:1: 1094 daAuts
     D:2: 10 daAuts
